cohdb
Replays
Latest Replays
All Replays
Popular Replays
Top Player Replays
Match Explorer
How It Works
Community
CoH3 Stats
Reddit
Sign in to upload your games and track your stats! →
Sign in with Steam
Match 38942975
Unlisted
Match 38942975
Overview
Messages
Build Orders
End
Construct Section Command Post
Infantry Section
Infantry Section
Dingo Light Scout Car
ML 3-inch Mortar Team
Selects Air and Sea Battlegroup
Selects Supply Surplus
Construct Field Infirmary
Forward Retreat Point
Construct Platoon Command Post
Infantry Training
Selects Centaur Medium Tank
Centaur Medium Tank
Grenade Package
Infantry Section
Selects Assault Flares
Construct Field Infirmary
Forward Retreat Point
Construct Resource Cache
Construct Resource Cache
Construct Resource Cache
Assault Flares
6-pounder Anti-tank Gun Team
Selects Commando Section Paradrop
Selects M1 Pack Howitzer Paradrop
Assault Flares
Infantry Section
6-pounder Anti-tank Gun Team
Selects Incendiary Bombing Run
rebelguy12
XxWhoDatGuyxX
Honey
Zebra
SED-Kreisleitung
AhNiC8
dkdkabc
Derp
0
0
Comments
sign in to comment!
No comments posted yet!